 Dungeon Crawl Stone Soup version 0.27-a0-676-gc1da3516c2 (webtiles) character file.

Game seed: 6174622021130227047

10172 Aapotti the Frost Mage (level 11, -28/90 (92) HPs)
             Began as a Demigod Ice Elementalist on Mar 17, 2021.
             Annihilated by an orc warrior
             ... wielding a +0 halberd
              (31 damage)
             ... on level 2 of the Orcish Mines on Mar 18, 2021.
             The game lasted 01:04:22 (11036 turns).

Aapotti the Frost Mage (Demigod Ice Elementalist)  Turns: 11036, Time: 01:04:22

HP:   -28/90 (92)   AC: 11    Str: 17    XL:     11   Next: 11%
MP:   8/25          EV: 15    Int: 24    God:
Gold: 860           SH:  0    Dex: 17    Spells: 1/23 levels left

rFire    . . .     SeeInvis .   a - +7 rapier of Kisydewn {drain, rC++ Int+3 Dex+3}
rCold    + + +     Faith    .   (no shield)
rNeg     + + .     Spirit   .   G - +3 leather armour {rC+}
rPois    .         Reflect  .   f - +2 helmet
rElec    .         Harm     .   l - +1 cloak
rCorr    .         Rampage  .   C - +0 pair of gloves
Will     +....                  E - +1 pair of boots {Fly}
Stlth    ++........             z - amulet of regeneration
HPRegen  1.25/turn              t - ring of positive energy
MPRegen  0.19/turn              F - ring of positive energy

@: corroded, flying, lightly drained
A: high mp 1, forlorn
a: Stop Flying


You were on level 2 of the Orcish Mines.
You visited 2 branches of the dungeon, and saw 12 of its levels.
You also visited: Bailey.

You collected 860 gold pieces.

Inventory:

Hand Weapons
 a - the +7 rapier of Kisydewn (weapon) {drain, rC++ Int+3 Dex+3}
   (You found it on level 5 of the Dungeon)

   A truly terrible weapon, it drains the life of those it strikes.
   It affects your intelligence (+3).
   It affects your dexterity (+3).
   It greatly protects you from cold.
 b - a +3 vorpal hunting sling
 H - a +0 dagger of venom
 I - a +4 scimitar of freezing
Missiles
 g - 4 boomerangs of dispersal
 q - 86 sling bullets
 r - 78 stones
Armour
 f - a +2 helmet (worn)
 l - a +1 cloak (worn)
 y - a +3 chain mail of poison resistance
 C - a +0 pair of gloves (worn)
 E - a +1 pair of boots of flying (worn)
 G - a +3 leather armour of cold resistance (worn)
Jewellery
 i - a ring of protection from cold
 t - a ring of positive energy (right hand)
 z - an amulet of regeneration (around neck)
 A - a ring of resist corrosion
 F - a ring of positive energy (left hand)
 J - a ring of fire
 K - an amulet of reflection
Wands
 o - a wand of acid (1)
 M - a wand of flame (23)
Scrolls
 c - 8 scrolls of identify
 e - 2 scrolls of enchant armour
 h - a scroll of teleportation
 k - 4 scrolls of fog
 s - a scroll of enchant weapon
 u - 3 scrolls of amnesia
 w - a scroll of magic mapping
 L - 3 scrolls of fear {unknown}
Potions
 d - a potion of haste {unknown}
 j - a potion of brilliance {unknown}
 m - a potion of curing
 n - 2 potions of degeneration {unknown}
 p - 3 potions of flight
 v - 2 potions of invisibility {unknown}
 x - 3 potions of attraction {unknown}
 B - 2 potions of might {unknown}
 D - a potion of mutation {unknown}


   Skills:
 + Level 7.1 Fighting
 - Level 2.8 Long Blades
 - Level 4.0 Armour
 + Level 6.7 Dodging
 - Level 1.7 Stealth
 + Level 6.7 Spellcasting
 - Level 4.0 Conjurations
 - Level 5.0 Summonings
 - Level 8.0 Ice Magic
 + Level 1.3 Air Magic


You had one spell level left.
You knew the following spells:

 Your Spells              Type           Power      Damage    Failure   Level
a - Freeze                Ice            100%       1d11      1%          1
b - Frozen Ramparts       Ice            92%        1d11      1%          3
c - Ozocubu's Armour      Ice            46%        N/A       1%          3
d - Hailstorm             Conj/Ice       37%        3d9       8%          4
e - Summon Lightning Spi  Summ/Air       23%        N/A       24%         4
f - Summon Ice Beast      Ice/Summ       39%        N/A       6%          4
g - Mephitic Cloud        Conj/Pois/Air  16%        N/A       12%         3

Your spell library contained the following spells:

 Spells                   Type           Power      Damage    Failure   Level
 Magic Dart               Conj           100%       1d8       1%          1
 Summon Small Mammal      Summ           100%       N/A       1%          1
 Call Imp                 Summ           32%        N/A       1%          2
 Call Canine Familiar     Summ           32%        N/A       3%          3
 Summon Guardian Golem    Hex/Summ       20%        N/A       10%         3
 Conjure Flame            Conj/Fire      17%        6-21      12%         3
 Blink                    Tloc           N/A        N/A       13%         2
 Slow                     Hex            8%         N/A       13%         2


Dungeon Overview and Level Annotations

Branches:
Dungeon (10/15)            Temple (0/1) D:7            Lair (0/6) D:8
    Orc (2/2) D:9             Elf (0/3) Orc:2        Bailey (visited)

Annotations:
D:2 transluscent walls
D:7 1 runed translucent door, Crazy Yiuf
D:8 !dragon
D:10 Erolcha


Innate Abilities, Weirdness & Mutations

Your attributes grow dramatically as you level up.
You have an increased reservoir of magic. (+10% MP)
You shall have no god before yourself.


Message History

The orc warrior misses you.
The orc knight roars a battlecry!
The orcs go into a battle-frenzy!
You hear a shout!
The orc knight roars a battlecry!
The orc warrior closely misses you.
The orc sorcerer gestures wildly while chanting.
The orc warrior hits your ice beast with a +0 dire flail!!
The orc warrior closely misses you. The orc closely misses your ice beast.
An orc comes into view. It is wielding a +0 flail.
The orc sorcerer gestures at you while chanting.
The bolt of negative energy misses you.
The orc knight roars a battlecry!
The orc warrior hits your ice beast with a +0 dire flail!
Your ice beast dies!
An orc wizard and an orc warlord come into view.
The orc warlord is wielding a +3 great sword of holy wrath and wearing a +1 plate armour of positive energy.
The orc wizard shouts!
You hear a shout! x3
The orc priest mumbles some strange prayers to Beogh against you.
Beogh smites you!
The orc sorcerer gestures wildly while chanting.
The rust devil hits you. The rust devil corrodes you!
You hear a shout! x2
An orc comes into view. It is wielding a +0 war axe.
The orc sorcerer casts a spell at you.
The bolt of negative energy hits the rust devil.
The rust devil completely resists.
The bolt of negative energy hits you. You partially resist.
You feel drained.
The orc warrior hits you from afar with a +0 halberd!!
* * * LOW HITPOINT WARNING * * *
Unknown command.
You feel better.
An orc high priest comes into view. It is wielding a +0 short sword.
The smoke demon gestures at you. Something smites you!
* * * LOW HITPOINT WARNING * * *
The orc warrior closely misses you.
The orc sorcerer gestures wildly while chanting.
The orc warrior hits you from afar with a +0 halberd!!
You die...

#.. #.....o.o ...## ....o)..
....## ######...).##### .....##
##....oo...)[.... ......## ###
####.#..o4..oo)#.#..
.......###.###.....#.ooo.........
......#.#...#.....#.o.oo.........
..................o.o.3o........)
......#...#.....@oo.o.o..........
....#.#.......#.#4o.o...........)
...#...#.##..####................
..###.#####...##.................
### #.# ##.###.................
.# ... #...#............#..... ##
##.## ##.##.......#.#........ ##
#####......##.........
###...####..##..##


You could see an orc warlord (strong), an orc knight, an orc high priest
(strong), an ice devil (summoned), a rust devil (summoned), a smoke demon
(summoned), 2 orc sorcerers, 6 orc warriors, an orc priest (strong), an orc
wizard (strong) and 5 orcs.

Vanquished Creatures
  2 orc knights (Bailey)
  2 orc sorcerers (Bailey)
  Joseph (D:7)
  A troll (Orc:2)
  Prince Ribbit (D:9)
  Sigmund (D:5)
  Edmund (D:5)
  2 wargs (D:9)
  14 orc warriors
  3 ice beasts
  2 sky beasts
  A necrophage (D:6)
  A black bear (D:8)
  5 ogres
  A phantom (D:9)
  2 centaurs
  2 bullfrogs
  A wyvern skeleton (D:6)
  2 scorpions
  6 killer bees (D:9)
  14 wights
  A howler monkey (D:5)
  4 electric eels (Bailey)
  A bullfrog zombie (D:4)
  A centaur zombie (D:7)
  A quasit (D:9)
  7 hounds
  3 jellies
  2 bullfrog skeletons
  11 orc priests
  Ijyb (D:5)
  2 iguanas
  11 orc wizards
  2 worker ants
  2 hound zombies
  A hound skeleton (D:5)
  2 worker ant zombies (D:4)
  3 gnolls (Bailey)
  8 adders
  A white imp (D:6)
  2 oozes (D:3)
  An adder zombie (D:4)
  2 adder skeletons
  2 dart slugs (D:2)
  4 worms
  6 leopard geckos
  59 orcs
  9 giant cockroaches
  8 hobgoblins
  12 jackals
  A quokka (D:3)
  A ball python skeleton (D:5)
  A ball python zombie (D:5)
  10 bats
  5 frilled lizards
  3 giant cockroach zombies
  2 gnoll zombies (D:7)
  16 goblins
  A jackal zombie (D:4)
  3 kobolds
  2 leopard gecko skeletons (D:4)
  4 leopard gecko zombies
  5 rats
288 creatures vanquished.

Vanquished Creatures (collateral kills)
  A stone giant (D:9)
  A deep elf zephyrmancer (D:9)
  A warg (D:9)
  An orc warrior (Orc:1)
  A black bear (D:9)
  2 ogres
  A centaur (D:9)
  A killer bee (D:9)
  2 wights (D:9)
  A bullfrog zombie (D:9)
  An orc priest (Orc:2)
  2 orc wizards
  7 orcs
22 creatures vanquished.

Vanquished Creatures (others)
  A wizard (D:9)
  A gnoll (Bailey)
  A withered plant (D:4)
3 creatures vanquished.

Grand Total: 313 creatures vanquished

Notes
Turn   | Place    | Note
-------+----------+-------------------------------------------
     0 | D:1      | Aapotti the Demigod Ice Elementalist began the quest for
                  | the Orb.
     0 | D:1      | Reached XP level 1. HP: 14/14 MP: 5/5
   353 | D:1      | Reached XP level 2. HP: 18/20 MP: 2/7
   519 | D:1      | Reached skill level 4 in Ice Magic
  1235 | D:2      | Reached XP level 3. HP: 26/26 MP: 5/9
  1239 | D:2      | Learned a level 3 spell: Frozen Ramparts
  2180 | D:3      | Reached skill level 1 in Armour
  2180 | D:3      | Reached XP level 4. HP: 33/33 MP: 7/10
  2597 | D:3      | Reached XP level 5. HP: 22/38 MP: 4/12
  2891 | D:4      | Learned a level 3 spell: Ozocubu's Armour
  3482 | D:4      | Reached XP level 6. HP: 37/45 MP: 9/13
  3509 | D:4      | Learned a level 4 spell: Hailstorm
  3886 | D:5      | Entered Level 5 of the Dungeon
  3994 | D:5      | Reached skill level 5 in Ice Magic
  4031 | D:5      | Identified the +7 rapier of Kisydewn {drain, rC++ Int+3
                  | Dex+3}
  4180 | D:5      | Noticed Sigmund
  4185 | D:5      | Reached skill level 1 in Fighting
  4185 | D:5      | Reached skill level 1 in Long Blades
  4189 | D:5      | Killed Sigmund
  4190 | D:5      | Reached XP level 7. HP: 50/52 MP: 9/15
  4246 | D:5      | Reached skill level 1 in Conjurations
  4523 | D:5      | Noticed Edmund
  4531 | D:5      | Killed Edmund
  4611 | D:5      | Noticed Ijyb
  4611 | D:5      | Paralysed by Ijyb for 5 turns
  4623 | D:5      | Killed Ijyb
  5134 | D:6      | Reached XP level 8. HP: 62/62 MP: 13/17
  5659 | D:6      | Reached skill level 6 in Ice Magic
  5722 | D:7      | Noticed Joseph
  5759 | D:7      | Found a flagged portal.
  5769 | Bailey   | Entered a bailey
  5831 | Bailey   | Noticed an orc sorcerer
  5831 | Bailey   | Noticed an orc sorcerer
  5842 | Bailey   | Noticed an ice devil
  5858 | Bailey   | Killed an orc sorcerer
  5859 | Bailey   | Reached XP level 9. HP: 51/71 MP: 16/19
  5929 | Bailey   | Killed an orc sorcerer
  5930 | Bailey   | Reached skill level 5 in Spellcasting
  6434 | Bailey   | Learned a level 4 spell: Summon Lightning Spire
  6514 | Bailey   | Reached skill level 7 in Ice Magic
  6529 | Bailey   | Reached skill level 1 in Summonings
  6641 | Bailey   | Acquired a +1 pair of boots of flying
  6654 | Bailey   | Noticed an orc knight
  6654 | Bailey   | Noticed an orc knight
  6707 | Bailey   | Killed an orc knight
  6708 | Bailey   | Reached skill level 5 in Fighting
  6727 | Bailey   | Killed an orc knight
  7015 | D:7      | Reached skill level 5 in Dodging
  7268 | D:7      | Found a staircase to the Ecumenical Temple.
  7322 | D:7      | Killed Joseph
  7323 | D:7      | Reached XP level 10. HP: 74/81 MP: 19/22
  7590 | D:7      | Found a runed translucent door.
  7591 | D:7      | Noticed Crazy Yiuf
  7961 | D:8      | Found a staircase to the Lair.
  7961 | D:8      | Noticed a fire dragon
  8187 | D:8      | Noticed an angel
  8188 | D:8      | Noticed a green death
  8396 | D:8      | Reached skill level 1 in Air Magic
  8702 | D:9      | Noticed a stone giant
  8711 | D:9      | Learned a level 4 spell: Summon Ice Beast
  8756 | D:9      | Found a staircase to the Orcish Mines.
  9064 | D:9      | Reached skill level 8 in Ice Magic
  9079 | D:9      | Noticed Prince Ribbit
  9084 | D:9      | Killed Prince Ribbit
  9688 | D:9      | Noticed a deep elf zephyrmancer
  9790 | D:9      | Killed a deep elf zephyrmancer
  9879 | D:9      | Noticed a wizard
  9885 | D:9      | Killed a wizard
  9891 | D:9      | Killed a stone giant
 10192 | D:9      | Upgraded the game from 0.27-a0-661-gca034ae587 to
                  | 0.27-a0-676-gc1da3516c2
 10209 | D:10     | Entered Level 10 of the Dungeon
 10217 | D:10     | Noticed Erolcha
 10293 | Orc:1    | Entered Level 1 of the Orcish Mines
 10378 | Orc:1    | Reached XP level 11. HP: 91/92 MP: 14/24
 10537 | Orc:2    | Entered Level 2 of the Orcish Mines
 10672 | Orc:2    | Learned a level 3 spell: Mephitic Cloud
 10704 | Orc:2    | Reached skill level 5 in Summonings
 10773 | Orc:2    | Found a staircase to the Elven Halls.
 11022 | Orc:2    | Noticed an orc knight
 11033 | Orc:2    | Noticed an orc warlord
 11036 | Orc:2    | Noticed an orc high priest
 11036 | Orc:2    | HP: 3/90 [smoke demon/divine providence[an orc sorcerer]
                  | (15)]
 11036 | Orc:2    | Annihilated by an orc warrior

Illustrated notes

Levels and vault maps discovered:
D:1:      dpeg_arrival_lava_temple_mockup, layout_loops_ring
D:2:      layout_basic, lemuel_doored_altar, due_unseen_surprise
D:3:      layout_rooms, marbit_many_paths
D:4:      layout_gridville, serial_undead, serial_undead_f, serial_undead_f,
          serial_undead_b, serial_undead_f, serial_undead_c
D:5:      minmay_razor_zed, layout_basic, lemuel_round_altar,
          grunt_ministairs_12, corexii_item_surrounded_by_moat, uniq_edmund,
          uniq_sigmund, uniq_ijyb
D:6:      layout_rooms, nicolae_qazlal_general_emergency
D:7:      layout_cave_pools, lemuel_zombie_altar_yredelemnul,
          minmay_temple_entry_antechambers, enter_bailey_2,
          uniq_crazy_yiuf_cottage, uniq_joseph
D:8:      layout_loops_corners, grunt_temple_overflow_order_and_chaos_2,
          gammafunk_temple_overflow_statue, okawaru_metal_pillars_1_2,
          grunt_temple_overflow_open, minmay_lair_entry_lava,
          nicolae_benzene_ring
D:9:      layout_small_grid, david_orc_1_choice, jmf_multi_god_temple,
          uniq_prince_ribbit1
D:10:     minmay_skewed_foursquare, layout_basic, uniq_erolcha
Orc:1:    layout_diamond_mine, guppyfry_orc_lava_fort, uniq_nergalle
Orc:2:    st_orc_congregation, layout_diamond_mine, serial_shops,
          nicolae_shop_waterfront

Skill      XL: |  1  2  3  4  5  6  7  8  9 10 11 |
---------------+----------------------------------+-----
Spellcasting   | 2 3 4 6 |  6.7
Ice Magic      | 4 5 6 7 8 |  8.0
Dodging        | 2 3 4 5 6 |  6.7
Armour         | 1 2 3 4 |  4.0
Fighting       | 1 2 3 5 7 |  7.1
Long Blades    | 1 2 |  2.8
Conjurations   | 2 3 4 |  4.0
Summonings     | 2 4 5 |  5.0
Air Magic      | 1 |  1.3
Stealth        | |  1.7

Action                   |  1- 3 |  4- 6 |  7- 9 | 10-12 || total
-------------------------+-------+-------+-------+-------++-------
Melee: Short sword       |    43 |     9 |       |       ||    52
       Falchion          |       |   102 |       |       ||   102
       Rapier            |       |     6 |   189 |   184 ||   379
 Fire: Hunting sling     |       |    45 |    83 |       ||   128
 Cast: Freeze            |    64 |    12 |     4 |     1 ||    81
       Frozen Ramparts   |     3 |     9 |    24 |    14 ||    50
       Ozocubu's Armour  |       |    11 |    17 |    19 ||    47
       Hailstorm         |       |       |    20 |    27 ||    47
       Summon Ice Beast  |       |       |       |    20 ||    20
       Mephitic Cloud    |       |       |       |     1 ||     1
Evoke: Wand              |       |     2 |     4 |       ||     6
  Use: Scroll            |     2 |       |     8 |     1 ||    11
       Potion            |       |       |     1 |     1 ||     2
 Stab: Sleeping          |     3 |       |     3 |     2 ||     8
       Distracted        |       |       |       |     3 ||     3
Armor: Leather armour    |    26 |    54 |    36 |    68 ||   184
Dodge: Dodged            |    63 |   101 |   100 |   159 ||   423
       Rpst.: Falchion   |       |    25 |       |       ||    25

Table legend: (Time is in decaauts)
 A = Elapsed time spent in this place.
 B = Non-inter-level travel time spent in this place.
 C = Inter-level travel time spent in this place.
 D = Time resting spent in this place.
 E = Time spent auto-exploring this place.
 F = Levels seen in this place.
 G = Mean time per level.
                   A        B        C        D        E       F      G
               +--------+--------+--------+--------+--------+-----+--------+
         Total |  11128 |  10849 |    279 |   2576 |   4514 |  13 |  856.0 |
       Dungeon |   9225 |   8946 |    279 |   1831 |   4278 |  10 |  922.5 |
  Orcish Mines |    670 |    670 |      0 |    283 |    144 |   2 |  335.0 |
        Bailey |   1233 |   1233 |      0 |    462 |     92 |   1 | 1233.0 |
               +--------+--------+--------+--------+--------+-----+--------+

Top non-repeatable levels by time:
     D:9: 1663 daAuts
  Bailey: 1233 daAuts
     D:5: 1219 daAuts
     D:1: 1073 daAuts
     D:4: 1066 daAuts
     D:8: 972 daAuts
     D:2: 919 daAuts
     D:3: 862 daAuts
     D:7: 836 daAuts
     D:6: 593 daAuts
   Orc:2: 502 daAuts
   Orc:1: 168 daAuts
    D:10: 16 daAuts
